 Dungeon Crawl Stone Soup version 0.26-a0-646-g5d7718319a (webtiles) character file.

Game seed: 13469430530401352136

346 Gottschkopf the Changer (level 6, 0/51 HPs)
             Began as a Draconian Transmuter on Sept 24, 2020.
             Killed from afar by an orc wizard (8 damage)
             ... with a puff of frost
             ... created by the fury of Okawaru
             ... on level 4 of the Dungeon.
             The game lasted 00:05:47 (3544 turns).

Gottschkopf the Changer (Draconian Transmuter)      Turns: 3544, Time: 00:05:48

Health: 0/51       AC:  6    Str: 13    XL:     6   Next: 32%
Magic:  9/9        EV: 12    Int: 15    God:
Gold:   70         SH:  0    Dex: 11    Spells: 3/9 levels left

rFire    . . .     SeeInvis .   m - +5 scythe (venom)
rCold    . . .     Faith    .   (shield currently unavailable)
rNeg     . . .     Spirit   .   (armour unavailable)
rPois    .         Reflect  .   (helmet restricted)
rElec    .         Harm     .   (no cloak)
rCorr    .         Rampage  .   (no gloves)
MR       ++...                  (no boots)
Stlth    +.........             (no amulet)
HPRegen  0.17/turn              (no ring)
MPRegen  0.11/turn              (no ring)

@: no status effects
A: unfitting armour, horns 1, magic resistance 2, robust 1, cold-blooded, AC +6
a: no special abilities


You were on level 4 of the Dungeon.
You visited 1 branch of the dungeon, and saw 4 of its levels.

You collected 70 gold pieces.

Inventory:

Hand Weapons
 m - a +5 scythe of venom (weapon)
Missiles
 g - 35 sling bullets
Jewellery
 d - an uncursed ring of see invisible {unknown}
Scrolls
 a - 3 scrolls of remove curse {unknown}
 c - 3 scrolls of amnesia
 h - 3 scrolls of identify {unknown}
 j - a scroll of fog {unknown}
 k - 3 scrolls of teleportation {unknown}
 l - a scroll of magic mapping {unknown}
Potions
 b - 2 potions of berserk rage {unknown}
 e - 3 potions of curing {unknown}
 f - a potion of cancellation {unknown}
 i - a potion of mutation


   Skills:
 - Level 1.1 Fighting
 + Level 1.5 Polearms
 - Level 1.7 Dodging
 - Level 4.2 Unarmed Combat
 - Level 2.0 Spellcasting
 - Level 5.2 Transmutations
 - Level 2.0 Poison Magic


You had 3 spell levels left.
You knew the following spells:

 Your Spells              Type           Power        Failure   Level
a - Beastly Appendage     Tmut           ###...       2%          1
b - Spider Form           Tmut/Pois      ##........   16%         3
c - Wereblood             Tmut           ###.....     4%          2

Your spell library contained the following spells:

 Spells                   Type           Power        Failure   Level
 Ice Form                 Ice/Tmut       #.......     58%         4
 Blade Hands              Tmut           ###.......   58%         5


Dungeon Overview and Level Annotations

Branches:
Dungeon (4/15)
 Temple: D:4-7

Altars:
Okawaru


Innate Abilities, Weirdness & Mutations

Your plain brown scales are hard. (AC +6)
You cannot fit into any form of body armour.
You are cold-blooded and may be slowed by cold attacks.
You have a pair of small horns on your head.
You are highly resistant to hostile enchantments. (MR++)
You are robust. (+10% HP)


Message History

The orc priest calls down the wrath of Okawaru upon you.
Okawaru smites you!
* * * LOW HITPOINT WARNING * * *
As you read the scroll labeled DEUD BYOMIMN, it crumbles to dust.
It is a scroll of amnesia.
Really abort (and waste the scroll)? [Y]es or [N]o only, please.
Really abort (and waste the scroll)?
Okay, then.
It was a potion of mutation.
You feel extremely strange.
You feel robust.
You feel resistant to hostile enchantments.
You feel more resistant to hostile enchantments.
A pair of horns grows on your head!
You closely miss the orc priest.
The orc wizard hits you but does no damage.
The orc warrior closely misses you.
The orc wizard gestures at you while chanting.
The puff of frost hits you!
You die...

.. .# .# #.#
...## ...
###.##.#
#.@oo#.#
#..#.#.#
#.#.#o##.#.#
#....o<.oo.#
#.#.####oo##.###
#........o.....
#######.#.#.###
+.....oo#...#
#.####.o# ..#


You could see an orc warrior, 2 orc priests and an orc wizard.

Vanquished Creatures
  Sigmund (D:3)
  An ogre (D:3)
  A hound (D:4)
  A worker ant (D:4)
  A howler monkey skeleton (D:3)
  4 adders
  3 oozes
  2 worms
  2 dart slugs
  4 leopard geckos
  2 bats (D:1)
  2 giant cockroaches
  6 goblins
  5 hobgoblins
  A jackal (D:4)
  6 kobolds
  A quokka (D:2)
  2 ball pythons
  4 frilled lizards
  17 rats
66 creatures vanquished.

Notes
Turn   | Place    | Note
-------+----------+-------------------------------------------
     0 | D:1      | Gottschkopf the Draconian Transmuter began the quest for
                  | the Orb.
     0 | D:1      | Reached XP level 1. HP: 16/16 MP: 3/3
    85 | D:1      | Reached XP level 2. HP: 23/23 MP: 3/5
   809 | D:1      | Reached XP level 3. HP: 27/28 MP: 4/6
   854 | D:1      | Learned a level 3 spell: Spider Form
   857 | D:1      | Learned a level 2 spell: Wereblood
  1716 | D:2      | Reached skill level 1 in Poison Magic
  1955 | D:2      | Found an iron altar of Okawaru.
  1958 | D:2      | Became a worshipper of Warmaster Okawaru
  2052 | D:2      | Reached XP level 4. HP: 35/35 MP: 5/7
  2239 | D:2      | Fell from the grace of Okawaru
  2274 | D:2      | Reached skill level 3 in Transmutations
  2818 | D:3      | Found a faded altar of an unknown god.
  2939 | D:3      | Noticed an ogre
  2944 | D:3      | Killed an ogre
  3198 | D:3      | Noticed Sigmund
  3233 | D:3      | Killed Sigmund
  3233 | D:3      | Reached skill level 5 in Transmutations
  3233 | D:3      | Reached XP level 5. HP: 15/40 MP: 0/8
  3233 | D:3      | Reached XP level 6. HP: 18/47 MP: 0/9
  3283 | D:3      | Noticed an orc knight
  3283 | D:3      | Noticed an orc warrior
  3327 | D:4      | Reached skill level 1 in Polearms
  3534 | D:4      | Noticed an orc warrior
  3534 | D:4      | Noticed an orc warrior
  3542 | D:4      | Gained mutation: You are robust. (+10% HP) [potion of
                  | mutation]
  3542 | D:4      | Gained mutation: You are resistant to hostile enchantments.
                  | (MR+) [potion of mutation]
  3542 | D:4      | Gained mutation: You are highly resistant to hostile
                  | enchantments. (MR++) [potion of mutation]
  3542 | D:4      | Gained mutation: You have a pair of small horns on your
                  | head. [potion of mutation]
  3544 | D:4      | Killed from afar by an orc wizard

Illustrated notes

Levels and vault maps discovered:
D:1:      onia_arrival_handbag, layout_basic, minmay_rat_gold_closets
D:2:      layout_basic, kennysheep_okawaru_gauntlet
D:3:      layout_basic, chequers_ecumenical_altar_simple, uniq_sigmund
D:4:      minmay_bubble_buster, layout_basic, serial_shops, shop

Skill      XL: |  1  2  3  4  5  6 |
---------------+-------------------+-----
Unarmed Combat | 4 |  4.2
Poison Magic   | 1 2 |  2.0
Transmutations | 5 |  5.2
Polearms       | 1 |  1.5
Fighting       | |  1.1
Dodging        | |  1.7
Spellcasting   | |  2.0

Action                   |  1- 3 |  4- 6 || total
-------------------------+-------+-------++-------
Melee: Unarmed           |    98 |    62 ||   160
       Kick              |     8 |    13 ||    21
       Headbutt          |     6 |     9 ||    15
       Tailslap          |     5 |     8 ||    13
       Punch             |       |     2 ||     2
       Scythe            |       |    12 ||    12
 Cast: Beastly Appendage |    29 |    17 ||    46
       Spider Form       |       |     2 ||     2
Invok: Renounce Religion |       |     1 ||     1
  Use: Scroll            |       |     1 ||     1
       Potion            |       |     1 ||     1
Armor: Skin              |    30 |    17 ||    47
Dodge: Dodged            |    78 |    53 ||   131

Table legend: (Time is in decaauts)
 A = Elapsed time spent in this place.
 B = Non-inter-level travel time spent in this place.
 C = Inter-level travel time spent in this place.
 D = Time resting spent in this place.
 E = Time spent auto-exploring this place.
 F = Levels seen in this place.
 G = Mean time per level.
                   A        B        C        D        E       F      G
               +--------+--------+--------+--------+--------+-----+--------+
         Total |   3543 |   3450 |     93 |    516 |   2418 |   4 |  885.8 |
       Dungeon |   3543 |   3450 |     93 |    516 |   2418 |   4 |  885.8 |
               +--------+--------+--------+--------+--------+-----+--------+

Top non-repeatable levels by time:
     D:2: 1343 daAuts
     D:1: 1325 daAuts
     D:3: 643 daAuts
     D:4: 231 daAuts
